Map: Odyssey LE

Players

Lambo

  • Race: Zerg Zerg
  • Spawn Location: 11:00

Gerald - Winner!

  • Race: Protoss Protoss
  • Spawn Location: 5:00

Event: WCS Jonkoping 2017

VOD

Have the link to the VOD?

Description

Time

  • Played on: June 17, 2017, 7:04 a.m.
  • Length: 21:08

All games in this series

Show
View Real Time Build Order
Export as new Build Order

Lambo Zerg 

Build Orders: Hatch First 

Get SALT Encoding   

  12  0:01  Drone  
  13  0:12  Overlord  
  13  0:17  Drone  
  14  0:30  Drone  
  14  0:31  Drone  
  14  0:34  Drone  
  17  0:52  Hatchery  
  17  0:54  Drone  
  17  0:57  Drone  
  18  1:12  Extractor  
  18  1:14  Spawning Pool  
  18  1:16  Drone  
  17  1:19  Drone  
  18  1:29  Drone  
  19  1:39  Overlord  
  19  1:50  Drone  
  20  2:00  Queen  
  22  2:01  Zergling x2  
  22  2:03  Queen  
  22  2:04  Zergling x2  
  26  2:11  Metabolic Boost  
  26  2:12  Drone  
  26  2:14  Drone  
  28  2:23  Drone  
  28  2:25  Drone  
  30  2:37  Hatchery  
  30  2:39  Drone  
  30  2:42  Drone  
  31  2:49  Pneumatized Carapace  
  31  2:52  Overlord  
  31  2:56  Drone  
  32  3:02  Drone x2  
  34  3:06  Drone  
  34  3:12  Drone x2  
  37  3:13  Overlord  
  37  3:17  Drone x3  
  40  3:22  Queen  
  42  3:27  Drone x2  
  44  3:43  Drone x4  
  48  3:48  Drone x3  
  48  3:49  Drone  
  48  3:53  Evolution Chamber  
  48  3:55  Extractor, Queen, Drone  
  53  4:04  Overlord  
  53  4:07  Drone x2  
  53  4:08  Queen  
  57  4:13  Baneling Nest, Drone  
  57  4:14  Drone  
  58  4:21  Zerg Melee Weapons Level 1  
  57  4:29  Zergling x10  
  61  4:34  Overlord  
  61  4:35  Zergling x6  
  64  4:39  Drone  
  64  4:43  Overlord  
  64  4:45  Overlord  
  65  4:46  Overlord  
  65  4:50  Overlord  
  65  4:53  Overlord  
  65  4:56  Zergling x6  
  65  4:59  Baneling x5  
  68  5:00  Baneling  
  68  5:02  Zergling x2  
  68  5:03  Lair  
  69  5:07  Zergling x6  
  69  5:11  Drone x2  
  69  5:12  Drone x3  
  77  5:15  Overlord  
  77  5:17  Drone x3  
  80  5:25  Zergling x4  
  82  5:35  Zergling x6  
  84  5:36  Overlord  
  84  5:40  Drone x7  
  84  5:52  Drone x2  
  84  5:53  Drone x2  
  87  5:57  Drone x2  
  89  6:04  Hatchery  
  89  6:06  Overlord  
  89  6:07  Extractor  
  89  6:08  Extractor, Hatchery  
  89  6:09  Overseer  
  89  6:11  Drone, Hydralisk Den  
  85  6:12  Drone x4  
  85  6:13  Drone  
  85  6:16  Extractor x2  
  88  6:19  Centrifical Hooks  
  88  6:25  Zergling x12  
  94  6:36  Overlord  
  94  6:37  Zergling x6  
  94  6:38  Zergling x4  
  99  6:46  Spore Crawler x2  
  95  6:48  Spore Crawler  
  95  6:51  Zergling x6  
  97  6:56  Queen  
  97  6:59  Zergling x10  
  104  7:07  Zergling x12  
  108  7:13  Drone x4  
  108  7:20  Muscular Augments  
  108  7:21  Drone x3  
  109  7:30  Spore Crawler  
  109  7:34  Drone x7  
  109  7:36  Zerg Missile Weapons Level 1  
  115  7:37  Overseer x2  
  115  7:44  Hydralisk x5  
  125  7:57  Hydralisk x4  
  132  8:04  Overseer  
  132  8:07  Hydralisk  
  132  8:08  Hydralisk x3  
  132  8:09  Overlord  
  140  8:14  Drone  
  140  8:16  Spine Crawler x2  
  140  8:17  Overlord x2  
  140  8:18  Overlord  
  139  8:26  Hydralisk x3  
  141  8:33  Hydralisk x4  
  146  8:36  Zergling x8  
  142  8:42  Zergling x10  
  146  8:50  Zergling x2  
  146  8:51  Baneling  
  146  8:52  Baneling x4  
  146  8:53  Baneling  
  147  8:57  Overlord  
  147  8:58  Hydralisk  
  147  9:02  Hydralisk x2  
  149  9:05  Baneling x6  
  149  9:06  Hydralisk  
  149  9:08  Baneling x3  
  155  9:11  Hydralisk  
  155  9:13  Infestation Pit  
  156  9:20  Hydralisk x3  
  156  9:22  Hatchery  
  154  9:26  Hydralisk x4  
  154  9:27  Zergling x2  
  154  9:30  Hydralisk  
  155  9:36  Hydralisk x3  
  155  9:37  Overseer, Zergling x4  
  153  9:42  Zergling x2  
  153  9:43  Zergling x10  
  155  9:48  Zergling x2  
  155  9:49  Zergling x10  
  151  9:53  Zergling x10  
  151  9:57  Zergling x8  
  154  10:00  Hydralisk x2  
  154  10:05  Baneling x2  
  158  10:08  Zergling x2  
  158  10:09  Zergling x6  
  151  10:15  Hydralisk x2  
  137  10:22  Hydralisk x2  
  137  10:26  Hydralisk x2  
  136  10:29  Hydralisk x2  
  133  10:35  Hydralisk  
  133  10:41  Hive, Pathogen Glands  
  130  10:42  Hydralisk  
  130  10:43  Hydralisk x2  
  130  10:47  Hydralisk x2  
  135  10:55  Zergling x4  
  137  10:58  Drone x5  
  137  10:59  Extractor  
  137  11:00  Baneling  
  137  11:01  Baneling x11  
  137  11:02  Hydralisk x2  
  137  11:03  Baneling  
  145  11:08  Extractor  
  145  11:11  Extractor  
  143  11:12  Drone x4  
  143  11:13  Drone x2  
  143  11:14  Spine Crawler  
  143  11:15  Zergling x4  
  150  11:19  Baneling  
  150  11:20  Baneling x5  
  150  11:23  Zergling x4  
  150  11:24  Zergling x10  
  157  11:28  Zergling x16  
  157  11:29  Zergling x2  
  166  11:36  Zergling x16  
  172  11:41  Zergling x8  
  168  11:52  Hydralisk x3  
  169  11:59  Drone x4  
  169  12:00  Drone x3  
  170  12:01  Zerg Ground Armor Level 1  
  170  12:06  Evolution Chamber  
  170  12:07  Evolution Chamber  
  157  12:09  Neural Parasite  
  157  12:11  Burrow  
  152  12:17  Drone x6  
  152  12:23  Drone x3  
  152  12:24  Drone x2  
  152  12:25  Drone  
  152  12:28  Drone  
  153  12:31  Drone x2  
  153  12:32  Drone  
  156  12:40  Drone x5  
  156  12:42  Overlord  
  161  12:49  Infestor, Ultralisk Cavern  
  162  12:57  Infestor  
  162  12:58  Infestor x2  
  168  13:01  Overlord  
  168  13:05  Zerg Melee Weapons Level 2  
  168  13:14  Infestor x2  
  168  13:15  Overlord x2  
  170  13:25  Zergling x2  
  170  13:26  Zergling x10  
  166  13:30  Hydralisk x5  
  161  13:40  Infestor x3  
  158  13:44  Hydralisk x4  
  157  13:51  Hydralisk x3  
  157  13:55  Baneling x4  
  150  13:59  Hydralisk  
  143  14:03  Hydralisk  
  143  14:04  Hydralisk  
  143  14:06  Zergling x6  
  147  14:14  Drone  
  147  14:15  Drone x2  
  142  14:19  Overseer  
  142  14:23  Drone x6  
  139  14:29  Chitinous Plating  
  138  14:38  Hatchery  
  138  14:43  Infestor  
  138  14:45  Overseer  
  139  14:48  Drone  
  139  14:49  Drone  
  139  14:51  Drone  
  140  14:53  Drone  
  139  15:04  Ultralisk  
  143  15:16  Ultralisk  
  143  15:19  Extractor  
  143  15:20  Drone x3  
  151  15:27  Baneling x2  
  150  15:38  Zergling x2  
  150  15:39  Zergling x16  
  156  15:50  Zergling x4  
  156  15:51  Zergling x10  
  159  15:58  Infestor x2  
  159  16:07  Drone x6  
  165  16:20  Zerg Ground Armor Level 2  
  165  16:22  Zerg Missile Weapons Level 2  
  164  16:26  Overseer  
  164  16:27  Overseer  
  163  16:38  Ultralisk  
  164  16:55  Ultralisk  
  164  17:01  Spine Crawler x2  
  163  17:19  Hatchery  
  160  17:42  Ultralisk  
  160  17:43  Overlord  
  160  17:44  Overlord  
  166  18:04  Ultralisk  
  172  18:13  Extractor  
  171  18:36  Infestor  
  173  18:44  Infestor  
  175  18:51  Infestor  
  177  18:59  Infestor x2  
  181  19:08  Infestor  
  183  19:10  Infestor  
  185  19:26  Spine Crawler  
  184  19:32  Infestor x2  
  184  19:38  Infestor x19  
  187  19:42  Extractor  
  182  20:17  Hatchery  
  164  20:25  Infestor  
  164  20:27  Hatchery  
  162  20:48  Overseer  
Show
View Real Time Build Order
Export as new Build Order

Gerald Protoss - Winner!

Build Orders: 1 Gate Expand 

Get SALT Encoding   

  12  0:05  Probe (Chrono Boost)  
  13  0:15  Probe (Chrono Boost)  
  14  0:22  Pylon  
  14  0:26  Probe (Chrono Boost)  
  15  0:41  Probe (Chrono Boost)  
  16  0:43  Gateway  
  16  0:51  Probe (Chrono Boost)  
  16  0:52  Assimilator  
  17  1:02  Probe (Chrono Boost)  
  18  1:17  Probe (Chrono Boost)  
  19  1:26  Nexus  
  19  1:28  Probe (Chrono Boost)  
  20  1:36  Cybernetics Core  
  20  1:39  Probe (Chrono Boost)  
  21  1:47  Assimilator  
  21  1:50  Probe (Chrono Boost)  
  22  1:54  Pylon  
  22  2:00  Probe (Chrono Boost)  
  23  2:12  Probe (Chrono Boost), Adept (Chrono Boost)  
  23  2:13  Warp Gate  
  26  2:24  Probe  
  26  2:28  Twilight Council  
  27  2:36  Probe  
  28  2:38  Adept (Chrono Boost)  
  28  2:39  Probe  
  31  2:48  Probe  
  31  2:49  Probe  
  33  3:00  Probe x2  
  35  3:05  Resonating Glaives (Chrono Boost)  
  35  3:10  Stalker  
  35  3:11  Probe  
  38  3:13  Probe  
  38  3:18  Pylon  
  39  3:21  Probe  
  39  3:25  Probe  
  41  3:32  Probe  
  42  3:37  Probe  
  43  3:42  Probe  
  43  3:46  Gateway x2  
  44  3:49  Probe, Gateway  
  44  3:53  Probe, Pylon  
  46  4:00  Pylon  
  46  4:04  Probe  
  46  4:05  Probe  
  48  4:14  Mothership Core  
  48  4:16  Probe, Nexus  
  49  4:17  Pylon  
  51  4:28  Probe  
  52  4:34  Probe  
  52  4:37  Assimilator  
  51  4:40  Probe  
  51  4:43  Adept x2  
  51  4:44  Adept  
  51  4:45  Probe, Adept  
  58  4:52  Assimilator  
  61  4:53  Probe (Chrono Boost)  
  61  4:56  Probe (Chrono Boost)  
  61  4:58  Stargate  
  61  4:59  Stargate  
  63  5:04  Probe (Chrono Boost)  
  63  5:06  Adept x3  
  70  5:07  Adept  
  70  5:09  Probe (Chrono Boost)  
  73  5:15  Probe (Chrono Boost)  
  73  5:19  Pylon, Probe (Chrono Boost)  
  75  5:25  Probe (Chrono Boost)  
  76  5:30  Probe (Chrono Boost)  
  71  5:46  Probe (Chrono Boost)  
  71  5:49  Probe (Chrono Boost)  
  67  5:50  Probe (Chrono Boost)  
  67  5:53  Adept x4  
  67  5:54  Oracle (Chrono Boost)  
  67  5:55  Oracle (Chrono Boost)  
  67  5:56  Probe  
  77  5:59  Probe  
  77  6:01  Probe  
  79  6:08  Pylon  
  79  6:09  Pylon, Assimilator, Probe  
  79  6:10  Probe  
  80  6:13  Probe  
  80  6:14  Assimilator, Adept  
  80  6:15  Adept x3  
  90  6:21  Probe x2  
  92  6:26  Phoenix (Chrono Boost)  
  92  6:27  Phoenix (Chrono Boost)  
  92  6:28  Probe  
  92  6:29  Fleet Beacon  
  92  6:32  Forge  
  97  6:34  Probe  
  97  6:37  Probe, Gateway  
  99  6:42  Probe  
  92  6:48  Phoenix x2 (Chrono Boost)  
  92  6:49  Adept x2  
  100  6:59  Probe  
  101  7:05  Probe  
  102  7:13  Probe  
  103  7:18  Probe  
  103  7:20  Adept x4  
  104  7:23  Fleet Beacon  
  104  7:25  Stargate  
  104  7:36  Carrier (Chrono Boost)  
  110  7:46  Probe  
  110  7:49  Nexus  
  110  7:52  Pylon, Adept x3  
  110  7:53  Adept x2  
  110  7:54  Assimilator  
  114  8:01  Pylon  
  114  8:02  Pylon  
  114  8:07  Protoss Ground Weapons Level 1  
  114  8:11  Pylon  
  114  8:12  Pylon  
  120  8:13  Pylon  
  120  8:15  Gateway  
  120  8:16  Gateway  
  120  8:18  Gateway  
  126  8:20  Carrier (Chrono Boost)  
  126  8:22  Adept x2  
  126  8:23  Carrier (Chrono Boost)  
  127  8:30  Probe  
  127  8:31  Adept x2  
  127  8:32  Adept  
  127  8:34  Probe  
  127  8:39  Graviton Catapult  
  116  8:47  Adept x2  
  120  8:50  Pylon, Carrier (Chrono Boost)  
  120  8:55  Pylon, Sentry x2, Photon Cannon  
  130  8:59  Photon Cannon  
  130  9:00  Pylon  
  130  9:11  Protoss Air Weapons Level 1  
  130  9:12  Probe  
  130  9:14  Probe  
  132  9:17  Adept x2  
  126  9:32  Sentry  
  126  9:33  Adept x2  
  126  9:34  Adept  
  111  9:44  Mothership Core, Adept x2  
  110  9:48  Adept x2  
  106  9:55  Adept x3  
  106  9:58  Carrier (Chrono Boost)  
  124  10:01  Pylon  
  124  10:04  Adept  
  124  10:05  Adept  
  127  10:09  Carrier (Chrono Boost)  
  127  10:10  Adept  
  127  10:11  Adept  
  121  10:19  Adept x3  
  105  10:32  Adept x5  
  118  10:36  Carrier (Chrono Boost)  
  118  10:41  Adept  
  118  10:42  Adept x2  
  112  10:46  Probe  
  112  10:48  Probe x2  
  112  10:49  Pylon  
  114  10:54  Probe  
  116  11:00  Probe x3, Templar Archives  
  119  11:08  Carrier (Chrono Boost)  
  119  11:09  Adept x2  
  119  11:10  Adept x2  
  133  11:18  Probe  
  133  11:20  Probe x2  
  133  11:21  Probe  
  143  11:28  Sentry x2  
  143  11:29  Carrier (Chrono Boost)  
  143  11:30  Probe  
  148  11:42  Psionic Storm  
  148  11:45  Adept x6  
  148  11:46  Probe  
  159  11:53  Pylon  
  159  11:55  Pylon  
  157  12:01  Probe  
  157  12:07  High Templar x2  
  158  12:09  Sentry, Adept  
  158  12:10  Adept  
  158  12:11  Probe  
  158  12:12  Probe  
  158  12:15  Probe  
  163  12:16  Probe  
  161  12:30  High Templar x2  
  161  12:35  Adept x4  
  168  12:40  Protoss Ground Weapons Level 2  
  168  12:44  Photon Cannon  
  168  12:45  Photon Cannon, Robotics Facility  
  168  12:47  Photon Cannon, Nexus  
  168  12:49  Pylon  
  168  12:52  Pylon x2  
  168  12:56  Protoss Air Weapons Level 2  
  168  13:07  Probe  
  168  13:08  Probe  
  168  13:09  Adept x2  
  168  13:10  Adept x4  
  168  13:30  Probe  
  168  13:32  Probe  
  168  13:33  Adept x5  
  168  13:34  Adept x3  
  161  13:44  Probe  
  161  13:48  Nexus  
  158  13:50  Probe, Pylon  
  158  13:51  Probe  
  160  13:56  Probe  
  160  13:58  Observer  
  160  14:02  Probe  
  157  14:36  High Templar  
  157  14:37  High Templar x7  
  173  14:42  Observer  
  174  14:46  Photon Cannon  
  174  14:47  Nexus, Archon  
  174  14:48  Archon x2  
  174  14:52  Photon Cannon  
  174  14:58  Carrier  
  174  15:04  Probe  
  175  15:08  Probe  
  182  15:19  Carrier  
  182  15:22  Probe  
  183  15:29  Probe  
  190  15:40  Probe  
  191  15:43  Carrier  
  198  15:50  Probe  
  194  16:01  Probe  
  194  16:03  Probe x3  
  171  16:11  Adept  
  165  16:12  Probe  
  165  16:15  Probe, Adept x4  
  173  16:18  Void Ray  
  173  16:22  Assimilator  
  173  16:23  Assimilator  
  177  16:28  Photon Cannon, Immortal  
  177  16:30  Photon Cannon  
  177  16:32  Protoss Ground Weapons Level 3  
  181  16:53  Void Ray  
  181  16:56  Void Ray  
  183  17:16  Immortal  
  183  17:23  Gateway  
  183  17:24  Gateway  
  183  17:29  Oracle  
  180  17:32  Protoss Air Weapons Level 3 (Chrono Boost)  
  180  17:41  Adept x3  
  180  17:42  Adept x2  
  190  17:47  Dark Shrine  
  190  17:54  Pylon  
  196  18:06  Pylon  
  196  18:22  Probe, Nexus  
  197  18:54  Protoss Shields Level 1  
  197  18:57  Photon Cannon  
  197  18:59  Gateway  
  197  19:01  Gateway  
  197  19:05  Pylon  
  197  19:10  Oracle  
  197  19:18  High Templar  
  197  19:20  Observer  
  190  19:46  Assimilator  
  190  19:47  Assimilator  
  190  19:52  Pylon x2  
  190  19:55  Pylon  
  190  19:56  Pylon  
  190  19:57  Pylon  
  190  19:59  High Templar x2  
  194  20:00  High Templar x2  
  194  20:03  Archon x2  
  198  20:08  Dark Templar  
Tags
 
Add a new tag
Caveats
  • Supply blocks, unpowered buildings, or Contaminate may cause inaccurate times.
  • Supply counts are checked every 10 seconds.